 Dungeon Crawl Stone Soup version 0.30-a0-924-g0ad0bf95bc (webtiles) character file.

Game seed: 7826436814928475690

90327 cforsyth the Peltast (level 16, -2/127 (129) HPs)
             Began as a Human Fighter on Mar 22, 2023.
             Was the Champion of Okawaru.
             Slain by a freezing wraith (20 damage)
             ... on level 14 of the Dungeon.
             The game lasted 00:56:04 (34335 turns).

cforsyth the Peltast (Human Fighter)               Turns: 34335, Time: 00:56:05

HP:   -2/127 (129)  AC: 26    Str: 30    XL:     16   Next: 46%
MP:   25/25         EV: 22    Int: 11    God:    Okawaru [******]
Gold: 1896          SH: 14    Dex: 13    Spells: 15/15 levels left

rFire   + . .      SeeInvis +    o - +9 whip of Radicalism {flame, rF+}
rCold   . . .      Faith    .    g - +0 kite shield
rNeg    . . .      Spirit   .    n - +2 plate armour of the Falcon {Int+2 Stlth+}
rPois   .          Reflect  .    t - +1 helmet {SInv}
rElec   .          Rampage  .    J - +0 cloak
rCorr   +                        F - +1 pair of gloves of Squeaky Knowledge {Will++ rCorr MP+9}
Will    +++..                    c - +0 pair of boots Stlth
                                 V - amulet of the acrobat
HPRegen 0.41/turn                e - +4 ring of slaying
MPRegen 0.19/turn                L - +6 ring of strength

@: acrobatic, slowed, lightly drained, very slow
A: no striking features
a: Renounce Religion, Heroism, Finesse, Duel


You were on level 14 of the Dungeon.
You worshipped Okawaru.
Okawaru was exalted by your worship.
You visited 4 branches of the dungeon, and saw 22 of its levels.
You also visited: Ossuary.

You collected 2210 gold pieces.
You spent 314 gold pieces at shops.

Inventory:

Hand Weapons
 o - the +9 whip of Radicalism (weapon) {flame, rF+}
   (You found it on level 5 of the Lair of Beasts)

   rF:        It protects you from fire.
 G - a +5 flail
 I - a -2 demon whip of venom
Missiles
 H - a throwing net (quivered)
Armour
 c - a +0 pair of boots (worn)
 g - a +0 kite shield (worn)
 j - the +8 plate armour of the Snail {-Tele Regen+ Dex+3}
   (Okawaru gifted it to you on level 5 of the Lair of Beasts)

   Dex:       It affects your dexterity (+3).
   -Tele:     It prevents most forms of teleportation.
   Regen:     It increases your rate of health regeneration.
 n - the +2 plate armour of the Falcon (worn) {Int+2 Stlth+}
   (Okawaru gifted it to you on level 12 of the Dungeon)

   Int:       It affects your intelligence (+2).
   Stlth:     It makes you more stealthy.
 t - a +1 helmet of see invisible (worn)
 F - the +1 pair of gloves of Squeaky Knowledge (worn) {Will++ rCorr MP+9}
   (You bought it in a shop on level 3 of the Dungeon)

   MP:        It affects your magic capacity (+9).
   rCorr:     It protects you from acid and corrosion.
   Will:      It greatly increases your willpower.
 J - a +0 cloak (worn)
Jewellery
 a - a ring of willpower
 e - a +4 ring of slaying (left hand)
 D - a ring of fire
 K - a ring of poison resistance
 L - a +6 ring of strength (right hand)
 N - a ring of fire
 Q - a ring of protection from cold
 R - a ring of protection from cold
 T - the ring "Zycif" {rElec rPois rF- Int+8 Stlth+}
   (You took it off a centaur warrior on level 14 of the Dungeon)

   [ring of poison resistance]

   Int:       It affects your intelligence (+8).
   rF:        It makes you vulnerable to fire.
   rElec:     It insulates you from electricity.
   rPois:     It protects you from poison.
   Stlth:     It makes you more stealthy.
 U - a ring of ice
 V - an amulet of the acrobat (around neck)
 W - the ring of Meerynot {rElec rCorr Int+7 Dex+3 Stlth-}
   (You found it on level 11 of the Dungeon)

   [ring of resist corrosion]

   Int:       It affects your intelligence (+7).
   Dex:       It affects your dexterity (+3).
   rElec:     It insulates you from electricity.
   rCorr:     It protects you from acid and corrosion.
   Stlth:     It makes you less stealthy.
Wands
 r - a wand of digging (5)
 M - a wand of paralysis (14)
 O - a wand of mindburst (14)
 P - a wand of flame (28)
 Y - a wand of iceblast (2)
 Z - a wand of polymorph (4)
Scrolls
 b - a scroll of blinking
 f - 12 scrolls of identify
 h - 2 scrolls of teleportation
 s - 4 scrolls of poison
 w - a scroll of fear
 x - 3 scrolls of enchant weapon
 y - a scroll of fog
 A - a scroll of vulnerability
 B - a scroll of immolation
 C - 4 scrolls of enchant armour
 E - a scroll of brand weapon
 S - 2 scrolls of silence
Potions
 d - 4 potions of curing
 i - 4 potions of lignification
 k - 5 potions of ambrosia
 l - 2 potions of might
 m - 3 potions of attraction
 p - 6 potions of cancellation
 q - 5 potions of brilliance
 u - 7 potions of mutation
 v - 2 potions of haste
 z - 7 potions of flight


   Skills:
 + Level 12.7 Fighting
 - Level 14.0 Maces & Flails
 + Level 14.1 Armour
 + Level 16.8 Shields


You had 15 spell levels left.
You didn't know any spells.
Your spell library contained the following spells:

 Spells                   Type           Power      Damage    Failure   Level
 Necrotise                Necr           0%         1d4       97%         1
 Sandblast                Erth           0%         2d4       97%         1
 Sting                    Tmut/Pois      0%         1d3       97%         1
 Passwall                 Tmut/Erth      0%         N/A       99%         2
 Poisonous Vapours        Pois/Air       0%         N/A       99%         2
 Ozocubu's Armour         Ice            0%         N/A       100%        3
 Stone Arrow              Conj/Erth      0%         3d7       100%        3
 Vampiric Draining        Necr           0%         2d6       100%        3
 Airstrike                Air            0%         2d(0-16)  100%        4
 Cause Fear               Hex            0%         N/A       100%        4
 Olgreb's Toxic Radiance  Pois           0%         N/A       100%        4
 Agony                    Necr           0%         N/A       100%        5
 Metabolic Englaciation   Hex/Ice        0%         N/A       100%        5
 Plasma Beam              Fire/Air       0%         2x1d11    100%        5
 Dragon Form              Tmut           0%         N/A       100%        7
 Orb of Destruction       Conj           0%         9d5       100%        7
 Summon Guardian Golem    Hex/Summ       Unusable   N/A       N/A         3
 Summon Lightning Spire   Summ/Air       Unusable   N/A       N/A         4
 Simulacrum               Ice/Necr       Unusable   N/A       N/A         6
 Spellforged Servitor     Conj/Summ      Unusable   N/A       N/A         7
 Dragon's Call            Summ           Unusable   N/A       N/A         9

Dungeon Overview and Level Annotations

Branches:
Dungeon (14/15)            Temple (1/1) D:4            Lair (5/5) D:9
 Shoals (0/4) Lair:3       Spider (0/4) Lair:3        Slime (0/5) Lair:5
    Orc (2/2) D:11            Elf (0/3) Orc:2        Vaults (0/5) D:13
Ossuary (visited)

Altars:
Ashenzari
Dithmenos
Fedhas
Gozag
Nemelex Xobeh
Okawaru
Trog
Vehumet
Xom
Yredelemnul
Zin
The Shining One

Shops:
D:2 [   D:3 *   D:6 **   D:11 (   Orc:1 ?   Orc:2 ([=!

Annotations:
Lair:1 1 runed translucent door, Lonetas's ghost, journeyman HOFi


Message History

You are too injured to fight recklessly!
You are too injured to fight recklessly!
You are too injured to fight recklessly!
You are too injured to fight recklessly!
You are too injured to fight recklessly!
You are too injured to fight recklessly!
You are too injured to fight recklessly!
You hit the red ugly thing.
The red ugly thing is severely wounded.
You block the freezing wraith's attack. The freezing wraith hits you.
* * * LOW HITPOINT WARNING * * *
You block the red ugly thing's attack.
You barely miss the red ugly thing.
The red ugly thing is severely wounded.
The freezing wraith hits you but does no damage.
The freezing wraith completely misses you.
You hit the red ugly thing. You burn the red ugly thing.
The red ugly thing is severely wounded.
You block the red ugly thing's attack.
You closely miss the red ugly thing.
The red ugly thing is severely wounded.
You block the freezing wraith's attack. x2; The red ugly thing stings you.
* * * LOW HITPOINT WARNING * * *
You are engulfed in flames!
You resist.
* * * LOW HITPOINT WARNING * * *
The freezing wraith attacks as you move away!
The freezing wraith hits you but does no damage.
You block the freezing wraith's attack. The freezing wraith misses you.
You block the freezing wraith's attack.
Things that are here:
a +2 scimitar of flaming; a +0 longbow The freezing wraith attacks as you move away!
You block the freezing wraith's attack. The freezing wraith hits you.
* * * LOW HITPOINT WARNING * * *
The freezing wraith drains your vigour!
You feel as though you will be slow longer.
The freezing wraith hits you.
* * * LOW HITPOINT WARNING * * *
The freezing wraith freezes you!!
You die...

..... #...##C# ....#
#..###R# . .... ....
#☼#### .. ...
.##.####..... 8. .. ..
#.#.)[#####
###.####.####.#
#.#)#.#####
.......).e.....
..#)#.#....
#))###########)#.#.##.
#.ueW@)..)...#.#.#.##.
#.##########†#)#.)....
#.#......###.#<#.####.
..#.##.......#........
####.##########.#......
#.###.[......)......
#.##.......###.####.
#.##..###### #.#....
#.##..# #.##.#.


You could see a red ugly thing, a deep elf knight (fast, invisible) and a
freezing wraith.

Vanquished Creatures
  Kirke (Lair:4)
  An orc warlord (D:11)
  Azrael (D:12)
  Nessos (D:12)
  An ettin (Orc:1)
  Snorg (D:14)
  A yaktaur captain (D:13)
  A rakshasa (D:14)
  Fannar (D:10)
  Harold (D:9)
  3 hydras
  7 boulder beetles
  A catoblepas (Lair:5)
  4 centaur warriors (D:14)
  3 two-headed ogres
  4 orc high priests (Orc:2)
  Sonja (D:12)
  A sun demon (D:13)
  2 skeletal warriors (D:14)
  4 skysharks (Lair:5)
  Amaemon (Lair:3)
  A lindwurm (Lair:4)
  An orc knight (Orc:2)
  4 deep elf pyromancers
  A phantasmal warrior (D:14)
  A wizard (D:14)
  Pikel (D:4)
  4 cyclopes
  An orc sorcerer (Orc:2)
  4 oklob plants (Lair:5)
  A salamander (shapeshifter) (D:14)
  5 manticores
  12 ugly things
  3 black mambas
  11 elephants (Lair:4)
  An orange demon (Lair:3)
  Joseph (D:7)
  3 gargoyles
  A torpor snail (Lair:4)
  3 rime drakes
  20 cane toads
  2 kobold demonologists (D:11)
  11 komodo dragons
  3 yaktaurs
  A tengu conjurer (D:14)
  3 efreet (D:14)
  An ice devil (D:13)
  8 trolls
  A polar bear (Lair:5)
  A hornet (D:14)
  A wind drake (Lair:3)
  Grinder (D:6)
  38 blink frogs
  A jumping spider (shapeshifter) (D:14)
  3 basilisks
  A vampire (D:14)
  55 yaks
  4 wyverns
  3 wraiths
  2 hogs (Lair:4)
  5 humans
  2 fire elementals (D:13)
  Grum (D:8)
  2 steam dragons
  7 vampire mosquitoes
  2 wargs
  A death yak simulacrum (D:12)
  An acid dragon (D:11)
  9 water moccasins
  2 hell hounds (D:12)
  2 ice beasts
  20 orc warriors
  4 sky beasts (D:7)
  2 black bears
  8 ogres
  15 wolves
  6 centaurs
  A phantom (D:4)
  5 kobold brigands
  17 bullfrogs
  A gnoll sergeant (D:7)
  A two-headed ogre simulacrum (D:12)
  A scorpion (D:7)
  A cane toad simulacrum (D:12)
  A water moccasin zombie (Ossuary)
  A hornet simulacrum (D:14)
  2 wights
  9 killer bees
  3 electric eels
  5 howler monkeys
  4 crimson imps (D:13)
  5 centaur zombies (Ossuary)
  A gnoll bouda (D:8)
  3 jellies
  32 orc priests
  4 hounds
  Crazy Yiuf (D:6)
  A sleepcap (D:6)
  Jessica (D:2)
  6 iguanas
  24 orc wizards
  A scorpion zombie (Ossuary)
  4 hell rats (Lair:5)
  2 spriggan simulacra (D:12)
  A statue (D:12)
  2 troll simulacra (D:12)
  A wolf simulacrum (D:12)
  An ogre zombie (Ossuary)
  A boggart simulacrum (D:14)
  3 gnolls (D:8)
  5 adders
  3 shadow imps
  6 white imps
  2 ufetubi
  2 adder zombies (Ossuary)
  A worm (D:2)
  4 dart slugs
  91 orcs
  3 endoplasms
  3 giant cockroaches (D:3)
  7 goblins
  8 hobgoblins
  8 jackals
  4 quokkas
  A ball python (D:2)
  4 bats
  2 frilled lizards
  3 gnoll zombies (Ossuary)
  2 goblin zombies (Ossuary)
  6 hobgoblin zombies (Ossuary)
  27 kobolds
  7 orc zombies (Ossuary)
  3 rats
697 creatures vanquished.

Vanquished Creatures (others)
  A skeletal warrior (D:14)
  A deep elf pyromancer (D:14)
  An ugly thing (D:14)
  A centaur simulacrum (D:14)
  55 fungi
  108 plants
167 creatures vanquished.

Grand Total: 864 creatures vanquished

Notes
Turn   | Place    | Note
-------+----------+-------------------------------------------
     0 | D:1      | cforsyth the Human Fighter began the quest for the Orb.
     0 | D:1      | Reached XP level 1. HP: 18/18 MP: 1/1
   173 | D:1      | Reached XP level 2. HP: 21/24 MP: 2/2
   974 | D:2      | Reached XP level 3. HP: 19/29 MP: 3/3
  1097 | D:2      | Noticed Jessica
  1101 | D:2      | Killed Jessica
  1102 | D:2      | Reached XP level 4. HP: 24/35 MP: 4/4
  1355 | D:2      | Found Lyoseg's Antique Armour Emporium.
  1551 | D:3      | Reached skill level 4 in Shields
  1551 | D:3      | Reached XP level 5. HP: 41/41 MP: 5/5
  1554 | D:3      | Found Kime's Assorted Antiques.
  2356 | D:4      | Reached XP level 6. HP: 36/47 MP: 6/6
  2361 | D:4      | Found a sand-covered staircase.
  2371 | Ossuary  | Entered an ossuary
  2533 | Ossuary  | Reached XP level 7. HP: 52/52 MP: 7/7
  2547 | Ossuary  | Reached skill level 5 in Armour
  2547 | Ossuary  | Reached skill level 5 in Shields
  2777 | Ossuary  | Noticed a silent spectre
  2892 | D:4      | Noticed Pikel
  2893 | D:4      | Found a staircase to the Ecumenical Temple.
  2933 | D:4      | Killed Pikel
  2934 | D:4      | Reached skill level 5 in Maces & Flails
  2934 | D:4      | Reached skill level 6 in Shields
  2934 | D:4      | Reached XP level 8. HP: 40/58 MP: 8/8
  3032 | Temple   | Entered the Ecumenical Temple
  3039 | Temple   | Became a worshipper of Warmaster Okawaru
  3116 | D:4      | Identified the +1 chain mail of Uskayaw {rF- rC+ rN+ Int+3}
  3421 | D:4      | Found a basalt altar of Yredelemnul.
  3422 | D:4      | Found a sparkling altar of Nemelex Xobeh.
  3422 | D:4      | Found a glowing silver altar of Zin.
  3423 | D:4      | Found a bloodstained altar of Trog.
  3510 | D:5      | Entered Level 5 of the Dungeon
  3913 | D:5      | Reached XP level 9. HP: 63/63 MP: 9/9
  4170 | D:5      | Noticed a hornet
  4171 | D:5      | Paralysed by a hornet for 3 turns
  4534 | D:6      | Reached * piety under Okawaru
  4611 | D:6      | Reached skill level 7 in Shields
  4618 | D:6      | Found Fadoenep's Assorted Antiques.
  4702 | D:3      | Bought a pair of heavily runed gloves for 228 gold pieces
  4702 | D:3      | Identified the +1 pair of gloves of Squeaky Knowledge
                  | {Will++ rCorr MP+9} (You bought it in a shop on level 3 of
                  | the Dungeon)
  5327 | D:6      | Found Qafi's Assorted Antiques.
  5341 | D:6      | Bought a clear potion for 20 gold pieces
  5341 | D:6      | Bought a bubbling emerald potion for 20 gold pieces
  5341 | D:6      | Bought a scroll labelled PEETAW XIAFUT for 23 gold pieces
  5341 | D:6      | Bought a scroll labelled PEETAW XIAFUT for 23 gold pieces
  5371 | D:6      | Noticed Grinder
  5395 | D:6      | Killed Grinder
  5503 | D:6      | Found a runed translucent door.
  5504 | D:6      | Noticed Crazy Yiuf
  5643 | D:6      | Reached skill level 8 in Shields
  5744 | D:6      | Killed Crazy Yiuf
  6121 | D:7      | Reached ** piety under Okawaru
  6140 | D:7      | Reached XP level 10. HP: 45/70 MP: 10/10
  6256 | D:7      | Noticed a manticore
  6256 | D:7      | Noticed a cyclops
  6256 | D:7      | Noticed a boulder beetle
  6561 | D:7      | Noticed Joseph
  6573 | D:7      | Killed Joseph
  6574 | D:7      | Reached skill level 9 in Shields
  7117 | D:8      | Reached *** piety under Okawaru
  7726 | D:8      | Noticed Grum
  7745 | D:8      | Killed Grum
  7746 | D:8      | Reached skill level 10 in Shields
  7945 | D:8      | Reached **** piety under Okawaru
  8264 | D:9      | Reached skill level 10 in Maces & Flails
  8579 | D:9      | Found a staircase to the Lair.
  8744 | D:9      | Reached XP level 11. HP: 75/75 MP: 11/11
  8762 | D:9      | Reached skill level 11 in Shields
  8785 | D:9      | Reached ***** piety under Okawaru
  9541 | D:9      | Noticed Harold
  9557 | D:9      | Killed Harold
  9557 | D:9      | Received a gift from Okawaru
 10312 | D:7      | Reached skill level 12 in Shields
 10476 | D:7      | Killed a manticore
 10529 | D:7      | Killed a boulder beetle
 10749 | D:7      | Killed a cyclops
 10750 | D:7      | Reached XP level 12. HP: 72/83 MP: 12/12
 11206 | D:10     | Entered Level 10 of the Dungeon
 11531 | D:10     | Identified the +4 ring mail of Sunlight {Str+4}
 11819 | D:10     | Noticed Fannar
 11846 | D:10     | Killed Fannar
 12252 | D:10     | Reached skill level 5 in Fighting
 12543 | D:10     | Received a gift from Okawaru
 12637 | D:11     | Found a staircase to the Orcish Mines.
 12788 | D:11     | Noticed a boulder beetle
 12821 | D:11     | Killed a boulder beetle
 12992 | D:11     | Found Modouw's Weapon Boutique.
 13020 | D:11     | Noticed a boulder beetle
 13250 | D:11     | Identified the ring of Meerynot {rElec rCorr Int+7 Dex+3
                  | Stlth-}
 13347 | D:11     | Killed a boulder beetle
 13496 | D:11     | You fall into a shaft and drop 2 floors!
 13549 | D:13     | Reached skill level 13 in Shields
 13605 | D:13     | Identified the +1 short sword of the Warrior {heavy, Str+2}
 13729 | D:13     | Noticed a yaktaur captain
 13740 | D:13     | Killed a yaktaur captain
 13741 | D:13     | Found a gate to the Vaults.
 13848 | D:13     | Reached ****** piety under Okawaru
 13849 | D:13     | Reached XP level 13. HP: 79/93 MP: 13/13
 14247 | D:12     | Noticed Sonja
 14260 | D:12     | Killed Sonja
 14283 | D:12     | Found a frozen archway.
 16033 | D:12     | Noticed Azrael
 16415 | D:12     | Identified the +2 plate armour of the Falcon {Int+2 Stlth+}
                  | (Okawaru gifted it to you on level 12 of the Dungeon)
 16415 | D:12     | Received a gift from Okawaru
 17036 | D:12     | Killed Azrael
 17037 | D:12     | Reached skill level 10 in Armour
 17055 | D:12     | Noticed Nessos
 17748 | D:12     | Killed Nessos
 18442 | D:12     | Found a radiant altar of Vehumet.
 18562 | Lair:1   | Entered Level 1 of the Lair of Beasts
 19423 | Lair:1   | Noticed Lonetas's ghost (journeyman HOFi)
 19577 | Lair:1   | Found a runed translucent door.
 20134 | Lair:2   | Reached skill level 14 in Shields
 20569 | Lair:2   | Reached XP level 14. HP: 105/105 MP: 14/14
 21173 | Lair:3   | Found a staircase to the Shoals.
 21583 | Lair:3   | Noticed Amaemon
 21602 | Lair:3   | Killed Amaemon
 21848 | Lair:3   | Found a hole to the Spider Nest.
 22187 | Lair:3   | Received a gift from Okawaru
 23902 | Lair:4   | Reached skill level 15 in Shields
 24080 | Lair:4   | Reached skill level 10 in Fighting
 24133 | Lair:5   | Entered Level 5 of the Lair of Beasts
 24465 | Lair:5   | Noticed Kirke
 24724 | Lair:4   | Killed Kirke
 24724 | Lair:4   | Received a gift from Okawaru
 24725 | Lair:4   | Reached XP level 15. HP: 71/116 MP: 15/15
 25320 | Lair:5   | Identified the +8 plate armour of the Snail {-Tele Regen+
                  | Dex+3} (Okawaru gifted it to you on level 5 of the Lair of
                  | Beasts)
 25320 | Lair:5   | Received a gift from Okawaru
 27932 | Lair:5   | Identified the +9 whip of Radicalism {flame, rF+}
 28097 | Lair:5   | Found a staircase to the Slime Pits.
 28957 | Orc:1    | Entered Level 1 of the Orcish Mines
 28963 | Orc:1    | Noticed an orc warlord
 29222 | D:11     | HP: 6/178 [orc warlord/+0 great sword (7)]
 29223 | D:11     | Killed an orc warlord
 29693 | Orc:1    | Reached skill level 16 in Shields
 30009 | Orc:2    | Entered Level 2 of the Orcish Mines
 30554 | Orc:1    | Found Cocw's Magic Scroll Shop.
 30593 | Orc:1    | You fall into a shaft and drop 1 floor!
 31187 | Orc:2    | Received a gift from Okawaru
 31233 | Orc:2    | Found Hoxifu's Weapon Boutique.
 31233 | Orc:2    | Found Moudufe's Jewellery Shop.
 31234 | Orc:2    | Found Qiwops's Distillery.
 31239 | Orc:2    | Found Qaedghao's Antique Armour Boutique.
 31522 | Orc:2    | Found a staircase to the Elven Halls.
 32233 | D:14     | Reached XP level 16. HP: 77/127 MP: 16/16
 32449 | D:14     | Noticed Snorg
 32461 | D:14     | Killed Snorg
 32650 | D:14     | Identified the ring "Zycif" {rElec rPois rF- Int+8 Stlth+}
 32697 | D:14     | Received a gift from Okawaru
 34280 | D:14     | Identified the +8 spear of Upheaval {drain, Str+2}
 34335 | D:14     | Slain by a freezing wraith

Illustrated notes

Levels and vault maps discovered:
D:1:      minmay_arrival_cross, layout_basic, st_stairs_12,
          chequers_serial_rivers_small_b, minmay_misc_feat_x,
          chequers_serial_rivers_micro_c
D:2:      layout_rooms, serial_shops, nicolae_square_shop,
          minmay_tiny_reverse_x, uniq_jessica
D:3:      layout_loops_corners, serial_shops, nicolae_shop_advertising_works
          [nicolae_subvault_shop_adworks]
D:4:      layout_rooms, minitemple, minmay_temple_entry_trees,
          nicolae_ossuary_entry_false_entrances, uniq_pikel
D:5:      layout_loops_ring
D:6:      layout_rooms, serial_shops, nicolae_shop_statue_plus,
          nicolae_diamond_shop, uniq_grinder, uniq_crazy_yiuf_cottage
D:7:      nzn_winding_woodlands_cross [nzn_winding_woodlands_5x15_split_checker,
          nzn_winding_woodlands_5x15_pool, nzn_winding_woodlands_5x15_default,
          nzn_winding_woodlands_5x15_sawtooth,
          nzn_winding_woodlands_15x15_killbox], layout_loops_ring, uniq_joseph
D:8:      layout_layer_cave, minmay_puff, uniq_grum
D:9:      layout_irregular_city, lair_entry_dummy, uniq_harold
D:10:     layout_loops_cross, corexii_corridor_pit, uniq_fannar
D:11:     layout_loops_ring, david_orc_5, serial_shops,
          nicolae_shop_bloodbath_and_beyond, minivault_14
D:12:     layout_big_octagon, portal_ice_cave_entry_ice_simulacra,
          vehumet_statue, uniq_azrael, uniq_sonja, uniq_nessos
D:13:     layout_roguey, david_vaults_2, minmay_fire_ice_demons
D:14:     minmay_the_grid_square_5x5_5x5_mashed
          [minmay_the_grid_square_5x5_detours, minmay_the_grid_square_5x5_v,
          minmay_the_grid_square_5x5_empty,
          minmay_the_grid_square_5x5_hollow_slash,
          minmay_the_grid_square_5x5_checkered_sparse,
          minmay_the_grid_square_5x5_spiral_small,
          minmay_the_grid_square_5x5_prize_monsterx,
          minmay_the_grid_square_5x5_half_checkered,
          minmay_the_grid_square_5x5_prize_waves,
          minmay_the_grid_square_5x5_dogpile,
          minmay_the_grid_square_5x5_checkered_statues,
          minmay_the_grid_square_5x5_six_small,
          minmay_the_grid_square_5x5_prize_gold,
          minmay_the_grid_square_5x5_shuriken,
          minmay_the_grid_square_5x5_shrine2,
          minmay_the_grid_square_5x5_three_walls,
          minmay_the_grid_square_5x5_prize_open,
          minmay_the_grid_square_5x5_one_wall,
          minmay_the_grid_square_5x5_prize_rear_guard,
          minmay_the_grid_square_5x5_bracketed,
          minmay_the_grid_square_5x5_tetrominoes,
          minmay_the_grid_square_5x5_sharp_hourglass,
          minmay_the_grid_square_5x5_bite, minmay_the_grid_square_5x5_n_small,
          minmay_the_grid_square_5x5_gyroscope], layout_basic,
          dreamdust_mushroom_princess, uniq_snorg
Temple:   compressed_dpeg_circular_temple
Lair:1:   layout_gridlike, hellmonk_ghost_happy_afterlife, st_stairs_9
Lair:2:   layout_chaotic_city
Lair:3:   layout_cave_pods, minmay_shoals_entry_beasts,
          spider_nest_entry_web_field, uniq_amaemon
Lair:4:   layout_roguey
Lair:5:   minmay_lair_end_frog_pond, layout_loops_ring,
          minmay_slime_entry_oklob_enclosed, uniq_kirke
Orc:1:    layout_caves, serial_shops, shop, abandoned_shop
Orc:2:    st_orc_mages, layout_caves

Skill      XL: |  1  2  3  4  5  6  7  8  9 10 11 12 13 14 15 16 |
---------------+-------------------------------------------------+-----
Maces & Flails | 3 4 5 6 8 10 12 13 14 | 14.0
Armour         | 4 6 7 9 10 12 13 14 | 14.1
Shields        | 4 6 8 10 12 13 14 15 16 | 16.8
Fighting       | 6 8 10 12 | 12.7

Action                     |  1- 3 |  4- 6 |  7- 9 | 10-12 | 13-15 | 16-18 || total
---------------------------+-------+-------+-------+-------+-------+-------++-------
  Melee: Flail             |    59 |   126 |   273 |   739 |  1171 |       ||  2368
         Whip              |       |       |       |       |   384 |   256 ||   640
  Evoke: Wand              |       |       |       |     7 |    22 |       ||    29
    Use: Potion            |     2 |       |     2 |     3 |    16 |     3 ||    26
         Scroll            |       |       |     1 |    26 |    11 |       ||    38
   Stab: Petrifying        |       |       |       |       |     1 |       ||     1
 Armour: Scale mail        |    28 |    64 |   156 |       |       |       ||   248
         Chain mail        |       |       |    24 |   166 |       |       ||   190
         Plate armour      |       |       |       |   161 |   789 |    97 ||  1047
  Dodge: Dodged            |    32 |    46 |    92 |   163 |   429 |    56 ||   818
  Block: Kite shield       |    38 |    66 |   157 |   398 |   999 |   116 ||  1774

Table legend: (Time is in decaauts)
 A = Elapsed time spent in this place.
 B = Non-inter-level travel time spent in this place.
 C = Inter-level travel time spent in this place.
 D = Time resting spent in this place.
 E = Time spent auto-exploring this place.
 F = Levels seen in this place.
 G = Mean time per level.
                   A        B        C        D        E       F      G
               +--------+--------+--------+--------+--------+-----+--------+
         Total |  33977 |  32606 |   1371 |  10017 |  16758 |  23 | 1477.3 |
       Dungeon |  21215 |  20157 |   1058 |   5863 |  10744 |  14 | 1515.4 |
        Temple |     14 |      7 |      7 |      0 |      0 |   1 |   14.0 |
          Lair |  10097 |   9830 |    267 |   3622 |   4585 |   5 | 2019.4 |
  Orcish Mines |   2169 |   2131 |     38 |    532 |   1201 |   2 | 1084.5 |
       Ossuary |    480 |    480 |      0 |      0 |    228 |   1 |  480.0 |
               +--------+--------+--------+--------+--------+-----+--------+

Top non-repeatable levels by time:
    D:13: 4676 daAuts
  Lair:4: 3577 daAuts
  Lair:5: 2603 daAuts
    D:11: 1862 daAuts
     D:8: 1827 daAuts
     D:9: 1825 daAuts
  Lair:3: 1570 daAuts
     D:7: 1546 daAuts
   Orc:2: 1512 daAuts
    D:10: 1407 daAuts
  Lair:1: 1383 daAuts
     D:5: 1296 daAuts
    D:12: 1236 daAuts
    D:14: 1111 daAuts
     D:3: 1037 daAuts
